 Dungeon Crawl Stone Soup version 0.22-a0-458-gb446440 (webtiles) character file.

325413 Ijustatesigmund the Warrior (level 21, -11/239 HPs)
             Began as an Ogre Hunter on June 6, 2018.
             Was the Champion of the Shining One.
             Killed from afar by a frost giant (60 damage)
             ... with a bolt of cold
             ... on level 5 of the Vaults on June 8, 2018.
             The game lasted 02:55:46 (58560 turns).

Ijustatesigmund the Warrior (Ogre Hunter)          Turns: 58560, Time: 02:55:47

Health: -11/239    AC: 27    Str: 18    XL:     21   Next: 62%
Magic:  34/34      EV: 16    Int: 13    God:    the Shining One [******]
Gold:   1257       SH:  6    Dex: 24    Spells: 10/20 levels left

rFire    + + +     SeeInvis .   p - +9 giant spiked club (freeze)
rCold    . . .     Gourm    .   (shield currently unavailable)
rNeg     + + +     Faith    .   R - +2 fire dragon scales
rPois    +         Spirit   .   L - +2 hat {Int+3}
rElec    .         Reflect  +   V - +2 cloak of the Komodo Dragon {rPois rC+ Str-5 Dex+9}
rCorr    .         Harm     .   (gloves unavailable)
MR       ++...                  (boots unavailable)
Stlth    ..........             a - +6 amulet of reflection
HPRegen  0.49/turn              Y - +6 ring of protection
MPRegen  0.24/turn              t - ring of wizardry

@: about to teleport, glowing
A: large, unfitting armour, talons 1, dopey 1, fire resistance 1, tough skin 1,
sturdy frame 1
}: 2/15 runes: decaying, serpentine
a: Divine Shield, Cleansing Flame, Summon Divine Warrior, Brand Weapon With Holy
Wrath, Renounce Religion


You were on level 5 of the Vaults.
You worshipped the Shining One.
The Shining One was exalted by your worship.
You were not hungry.

You visited 8 branches of the dungeon, and saw 37 of its levels.
You also visited: Labyrinth and Volcano.

You collected 3818 gold pieces.
You spent 2561 gold pieces at shops.

Inventory:

Hand Weapons
 p - a +9 giant spiked club of freezing (weapon)
 J - the +9 whip of Docareet {protect, MR- Int+10}
   (You took it off an orc on level 10 of the Dungeon)

   It protects the one who uses it against injury (+AC on strike).
   It affects your intelligence (+10).
   It affects your resistance to hostile enchantments.
Missiles
 c - 20 large rocks (quivered)
 d - a throwing net
Armour
 n - a scarf of resistance
 L - a +2 hat of intelligence (worn)
 R - +2 fire dragon scales (worn)
 V - the +2 cloak of the Komodo Dragon (worn) {rPois rC+ Str-5 Dex+9}
   (You found it on level 1 of the Lair of Beasts)

   It affects your strength (-5).
   It affects your dexterity (+9).
   It protects you from cold.
   It protects you from poison.
Jewellery
 a - a +6 amulet of reflection (around neck)
 g - an uncursed ring of ice
 k - an uncursed amulet of rage
 m - the ring "Gikeh" {Int+3 Dex-5 Stlth+}
   (You took it off a minotaur in a labyrinth)

   [ring of stealth]

   It affects your intelligence (+3).
   It affects your dexterity (-5).
   It makes you more stealthy.
 t - a ring of wizardry (right hand)
 F - an uncursed ring of poison resistance
 S - an uncursed ring of resist corrosion
 U - an uncursed ring of fire
 Y - a +6 ring of protection (left hand)
 Z - an uncursed ring of protection from cold
Wands
 e - a wand of paralysis (40)
 s - a wand of enslavement (11)
 x - a wand of acid (4)
 D - a wand of iceblast (7)
 H - a wand of flame (186)
 I - a wand of digging (44)
 K - a wand of polymorph (27)
 N - a wand of disintegration (13)
Scrolls
 j - 15 scrolls of remove curse
 l - a scroll of magic mapping
 u - a scroll of enchant weapon
 v - a scroll of silence
 y - 3 scrolls of teleportation
 z - 3 scrolls of blinking
 A - 7 scrolls of fog
 B - 2 scrolls of amnesia
 E - 12 scrolls of identify
 O - a scroll of immolation
Potions
 b - a potion of mutation
 h - 5 potions of lignification
 i - 6 potions of curing
 q - 6 potions of haste
 w - 5 potions of magic
 C - 7 potions of brilliance
 M - a potion of ambrosia
 P - a potion of heal wounds
 T - 4 potions of resistance
 X - 2 potions of flight
Comestibles
 f - 14 rations


   Skills:
 - Level 20.5 Fighting
 - Level 16.7 Maces & Flails
 - Level 10.0 Throwing
 + Level 13.0 Armour
 + Level 11.2 Dodging
 - Level 0.6 Stealth
 + Level 6.7 Hexes
 - Level 5.5 Translocations
 - Level 18.8 Invocations


You had 10 spell levels left.
You knew the following spells:

 Your Spells              Type           Power        Failure   Level  Hunger
a - Magic Dart            Conj           #...         24%         1    ##.....
b - Blink                 Tloc           N/A          4%          2    ###....
c - Lesser Beckoning      Tloc           ##........   8%          3    ####...
d - Apportation           Tloc           ##....       2%          1    ##.....
e - Portal Projectile     Hex/Tloc       ###...       6%          3    ####...

Your spell library contained the following spells:

 Spells                   Type           Power        Failure   Level  Hunger
 Fireball                 Conj/Fire      #.........   99%         5    ######.
 Conjure Flame            Conj/Fire      #.......     56%         3    ####...
 Bolt of Magma            Conj/Fire/Erth #.........   99%         5    ######.
 Slow                     Hex            ###.....     2%          2    ###....
 Throw Flame              Conj/Fire      #.....       34%         2    ###....
 Freezing Cloud           Conj/Ice/Air   #.........   100%        6    #######
 Mephitic Cloud           Conj/Pois/Air  #.......     56%         3    ####...
 Ring of Flames           Chrm/Fire      #.........   100%        7    #######
 Venom Bolt               Conj/Pois      #.........   99%         5    ######.
 Teleport Other           Tloc           ##......     8%          3    ####...
 Summon Small Mammal      Summ           #...         24%         1    ##.....
 Iskenderun's Mystic Bla  Conj           #.......     91%         4    #####..
 Animate Skeleton         Necr           N/A          24%         1    ##.....
 Sticky Flame             Conj/Fire      #.......     91%         4    #####..
 Summon Ice Beast         Ice/Summ       #.......     91%         4    #####..
 Call Imp                 Summ           #.......     34%         2    ###....
 Regeneration             Chrm/Necr      #.........   56%         3    ####...
 Iron Shot                Conj/Erth      #.........   100%        6    #######
 Stone Arrow              Conj/Erth      #.....       56%         3    ####...
 Spider Form              Tmut/Pois      #.........   56%         3    ####...
 Blade Hands              Tmut           #.........   99%         5    ######.
 Ice Form                 Ice/Tmut       #.......     91%         4    #####..
 Deflect Missiles         Chrm/Air       #.........   100%        6    #######
 Confusing Touch          Hex            ###...       1%          1    ##.....
 Flame Tongue             Conj/Fire      #....        24%         1    ##.....
 Passwall                 Tmut/Erth      #.......     34%         2    ###....
 Ignite Poison            Fire/Tmut/Pois #.......     56%         3    ####...
 Sticks to Snakes         Tmut           #.......     34%         2    ###....
 Call Canine Familiar     Summ           #.......     56%         3    ####...
 Silence                  Hex/Air        #.........   83%         5    ######.
 Lee's Rapid Deconstruct  Erth           #.........   99%         5    ######.
 Sandblast                Erth           #.....       24%         1    ##.....
 Conjure Ball Lightning   Conj/Air       #.........   100%        6    #######
 Petrify                  Tmut/Erth      #.......     91%         4    #####..
 Passage of Golubria      Tloc           N/A          26%         4    #####..
 Orb of Destruction       Conj           #.........   100%        7    #######
 Tornado                  Air            #.........   100%        9    #######
 Shroud of Golubria       Chrm/Tloc      #.........   12%         2    ###....
 Inner Flame              Hex/Fire       #.......     19%         3    ####...
 Beastly Appendage        Tmut           #.....       24%         1    ##.....
 Iskenderun's Battlesphe  Conj/Chrm      #.......     99%         5    ######.
 Fulminant Prism          Conj/Hex       #.........   50%         4    #####..
 Dazzling Spray           Conj/Hex       #.....       19%         3    ####...
 Force Lance              Conj/Tloc      #.......     58%         4    #####..
 Searing Ray              Conj           #.....       34%         2    ###....
 Summon Lightning Spire   Summ/Air       #.......     91%         4    #####..
 Summon Guardian Golem    Hex/Summ       #.......     19%         3    ####...
 Spellforged Servitor     Conj/Summ      #.........   100%        7    #######
 Gell's Gravitas          Tloc           ##........   8%          3    ####...
 Poisonous Vapours        Pois/Air       #.....       34%         2    ###....


Dungeon Overview and Level Annotations

Branches:
Dungeon (14/15)            Temple (1/1) D:4            Lair (6/6) D:11
  Swamp (4/4) Lair:3        Snake (4/4) Lair:4        Slime (0/5) Lair:6
    Orc (2/2) D:11            Elf (1/3) Orc:2        Vaults (5/5) D:13
  Crypt (0/3) Vaults:2

Altars:
Ashenzari
Cheibriados
Dithmenos
Elyvilon
Fedhas
Gozag
Hepliaklqana
Kikubaaqudgha
Makhleb
Nemelex Xobeh
Okawaru
Qazlal
Ru
Sif Muna
Trog
Uskayaw
Vehumet
Wu Jian
Xom
Yredelemnul
Zin
The Shining One
Jiyva

Shops:
D:7 ?   Orc:1 (   Orc:2 =!==   Snake:2 }

Annotations:
D:14 Rupert
Swamp:2 exclusion: oklob plant
Swamp:3 Mara


Innate Abilities, Weirdness & Mutations

You are too large for most types of armour.
You have tough skin. (AC +1)
You have sharp toenails.
You are dopey. (Int -2)
Your flesh is heat resistant. (rF+)
Your movements are slightly less encumbered by armour. (ER -2)


Message History

The deep elf high priest begins emitting a brilliant aura!
The frost giant is empowered by the deep elf high priest's aura!
You puncture the frost giant! You freeze the frost giant.
You claw the frost giant, but do no damage.
The frost giant is almost dead.
The frost giant hits you with a battleaxe of freezing!!
* * * LOW HITPOINT WARNING * * *
The frost giant freezes you!
* * * LOW HITPOINT WARNING * * *
You feel much better.
The elephant changes into a floating eye!
You feel much better. The frost giant casts a spell at you.
The bolt of cold misses you.
As you read the scroll of teleportation, it crumbles to dust.
You feel strangely unstable.
The floating eye changes into a glowing shapeshifter!
The frost giant gestures at you while chanting.
The bolt of cold hits you!
You die...

.. .## ..# ..##
...# # ##p.. #e
#Ce# #.. #@.#
.## #...
#).##...#
.#....#........
.......(...##..
......(.####
.........
..........
###########


You could see a frost giant, a glowing shapeshifter and a deep elf high priest.

Vanquished Creatures
  Saint Roka (Vaults:1)
  A bone dragon (Swamp:4)
  A lich (Vaults:3)
  3 tentacled monstrosities
  A titan (Vaults:5)
  A sphinx (Vaults:4)
  Gastronok (D:11)
  A tengu reaver (Vaults:4)
  A storm dragon (Vaults:3)
  Kirke (Lair:5)
  3 thorn hunters
  A shadow dragon (Vaults:4)
  13 nagarajas
  11 vault wardens
  A fire giant (Vaults:4)
  Louise (Snake:4)
  A deep elf sorcerer (Vaults:5)
  3 frost giants
  13 very ugly things
  10 ironheart preservers
  2 stone giants
  A minotaur (Lab)
  A deep elf annihilator (Vaults:5)
  A spark wasp (D:14)
  4 ettins
  Snorg (Lair:5)
  A deep elf death mage (Vaults:5)
  A fire dragon (Volcano)
  10 yaktaur captains
  3 great orbs of eyes
  An ice dragon (Vaults:3)
  Fannar (Lair:1)
  34 vault guards
  2 ghost crabs
  13 naga warriors
  3 rakshasas
  12 hydras
  A merfolk avatar (Lair:6)
  6 centaur warriors
  16 two-headed ogres
  A death knight (Vaults:5)
  3 deep troll earth magi
  2 deep troll shamans (Vaults:1)
  8 alligators
  10 anacondas
  A two-headed ogre (shapeshifter) (D:10)
  4 ogre magi
  Urug (Orc:1)
  9 death yaks
  A hell hog (Volcano)
  3 shock serpents
  14 naga sharpshooters
  A deep elf knight (Vaults:3)
  2 shadow wraiths
  3 unseen horrors
  2 salamander mystics
  9 sea snakes
  14 deep trolls
  A death drake (Swamp:4)
  A glowing orange brain (Vaults:3)
  4 shambling mangroves
  4 naga ritualists
  A swamp dragon (shapeshifter) (Vaults:3)
  A deep elf archer (Vaults:2)
  A flayed ghost (Vaults:4)
  19 ironbrand convokers
  10 orc knights
  8 swamp dragons
  4 mana vipers
  2 spectral hydras (Swamp:4)
  A harpy (Vaults:3)
  5 phantasmal warriors
  Pikel (D:5)
  2 lindwurms (D:13)
  An oklob plant (Swamp:2)
  12 salamanders
  6 deep elf magi
  4 orc sorcerers
  35 ugly things
  4 manticores
  6 cyclopes
  5 wolf spiders
  2 centaur zombies
  9 elephants (Lair:6)
  Maurice (D:9)
  A torpor snail (Lair:6)
  A water nymph (shapeshifter) (Vaults:4)
  5 guardian serpents
  2 gargoyles (D:12)
  7 vault sentinels
  Psyche (D:9)
  9 naga magi
  3 centaur skeletons
  18 spiny frogs
  27 black mambas
  6 rime drakes
  5 freezing wraiths
  9 komodo dragons
  41 yaktaurs
  3 swamp worm zombies (Swamp:4)
  3 hydra zombies (Swamp:4)
  A queen bee (shapeshifter) (Vaults:3)
  A meliai (shapeshifter) (Vaults:4)
  3 meliai (D:14)
  A wind drake (Lair:6)
  A wind drake (shapeshifter) (D:14)
  2 polar bears (D:9)
  14 hornets
  12 tyrant leeches
  13 trolls
  A spectral swamp dragon (Swamp:4)
  11 bog bodies
  35 slime creatures
  A sphinx simulacrum (Vaults:3)
  Grinder (D:3)
  A blink frog (Lair:2)
  5 alligator zombies (Swamp:4)
  Prince Ribbit (D:5)
  A raiju (shapeshifter) (Vaults:4)
  8 hippogriffs
  A fire giant simulacrum (Vaults:1)
  Sigmund (D:5)
  39 yaks
  2 shadows
  4 spriggans
  A tarantella (shapeshifter) (Vaults:4)
  3 wraiths
  6 wyverns
  A hog (Lair:5)
  A fire bat (shapeshifter) (Vaults:3)
  4 hungry ghosts
  2 steam dragons (Volcano)
  6 basilisks
  9 fire bats
  14 vampire mosquitoes
  10 insubstantial wisps (Swamp:4)
  9 wargs
  A soldier ant (D:10)
  11 swamp worms
  3 acid dragons
  42 nagas
  An acid dragon (shapeshifter) (Vaults:4)
  18 water moccasins
  10 porcupines
  3 hell hounds
  31 orc warriors
  11 swamp drakes
  4 sky beasts
  2 slaves (D:5)
  3 black bears
  A black bear (shapeshifter) (Vaults:4)
  10 phantoms
  An ice beast (D:9)
  4 boggarts (Vaults:2)
  4 swamp dragon zombies (Swamp:4)
  An eye of draining (shapeshifter) (Vaults:3)
  35 ogres
  15 centaurs
  8 wolves
  20 crocodiles
  20 bullfrogs
  A gnoll sergeant (D:11)
  A wyvern zombie (D:10)
  A glowing shapeshifter simulacrum (Vaults:3)
  A wyvern skeleton (D:10)
  3 scorpions
  13 killer bees
  8 wights
  2 vampire bats (D:13)
  An electric eel (Lair:3)
  3 howler monkeys
  5 crimson imps
  2 quasits (D:12)
  A human simulacrum (Vaults:1)
  6 jellies
  4 bullfrog zombies
  11 hounds
  The ghost of Qupu the Stinger, a weakling FeVM (D:3)
  6 iguanas
  18 orc priests
  16 orc wizards
  2 bullfrog skeletons
  Ijyb (D:4)
  2 spectral swamp drakes (Swamp:4)
  9 hell rats (Lair:1)
  9 worker ants
  A killer bee zombie (D:10)
  A centaur simulacrum (D:9)
  A hound zombie (D:6)
  A howler monkey zombie (D:11)
  15 gnolls
  A howler monkey skeleton (D:9)
  3 swamp drake zombies (Swamp:4)
  16 adders
  14 river rats (Lair:1)
  A hound simulacrum (D:9)
  5 shadow imps
  7 oozes
  An adder skeleton (D:8)
  9 worms
  2 dart slugs (D:1)
  6 leopard geckos
  87 orcs
  4 giant cockroaches
  7 goblins
  6 hobgoblins
  16 jackals
  10 quokkas
  10 bats
  8 frilled lizards
  9 kobolds
  2 leopard gecko skeletons
  A quokka zombie (D:5)
  12 rats
  5 briar patches
  A plant (D:11)
1436 creatures vanquished.

Vanquished Creatures (others)
  A spriggan druid (Swamp:3)
  3 yaktaurs
  A slime creature (Swamp:4)
  A bog body (Swamp:4)
  2 humans (Lair:5)
  A slave (D:6)
  A scorpion (D:6)
  A howler monkey (D:4)
  2 jackals (D:6)
  A briar patch (Swamp:2)
  A butterfly (Lair:5)
  30 fungi
  60 plants
105 creatures vanquished.

Grand Total: 1541 creatures vanquished

Notes
Turn   | Place    | Note
-------+----------+-------------------------------------------
     0 | D:1      | Ijustatesigmund the Ogre Hunter began the quest for the Orb.
     0 | D:1      | Reached XP level 1. HP: 22/22 MP: 1/1
   101 | D:1      | Reached skill level 3 in Fighting
   162 | D:1      | Reached XP level 2. HP: 15/32 MP: 2/2
   336 | D:1      | Reached skill level 4 in Fighting
   561 | D:1      | Reached XP level 3. HP: 13/40 MP: 3/3
  1129 | D:2      | Reached skill level 1 in Maces & Flails
  1491 | D:2      | Reached skill level 5 in Fighting
  1546 | D:2      | Reached XP level 4. HP: 44/50 MP: 4/4
  1641 | D:2      | Found a sacrificial altar of Ru.
  1739 | D:2      | Found an opulent altar of Gozag.
  1963 | D:3      | Noticed Qupu's ghost (weakling FeVM)
  2335 | D:3      | Killed Qupu's ghost
  2335 | D:3      | Reached XP level 5. HP: 31/57 MP: 5/5
  2612 | D:3      | Noticed Grinder
  2615 | D:3      | Killed Grinder
  2615 | D:3      | Reached skill level 6 in Fighting
  2615 | D:3      | Reached XP level 6. HP: 67/67 MP: 6/6
  3874 | D:4      | Reached XP level 7. HP: 46/76 MP: 7/7
  4855 | D:4      | Reached skill level 7 in Fighting
  4855 | D:4      | Reached skill level 5 in Maces & Flails
  5305 | D:4      | Noticed Ijyb
  5307 | D:4      | Killed Ijyb
  5560 | D:4      | Found a staircase to the Ecumenical Temple.
  5569 | Temple   | Entered the Ecumenical Temple
  5678 | Temple   | Became a worshipper of the Shining One
  5954 | D:5      | Entered Level 5 of the Dungeon
  5954 | D:5      | Noticed Sigmund
  6009 | D:5      | Reached XP level 8. HP: 77/88 MP: 8/8
  6185 | D:5      | Found a deep blue altar of Sif Muna.
  6225 | D:5      | Killed Sigmund
  6225 | D:5      | Reached skill level 8 in Fighting
  6227 | D:5      | Noticed Prince Ribbit
  6440 | D:5      | Killed Prince Ribbit
  6514 | D:5      | Found a shattered altar of Ashenzari.
  6866 | D:5      | Found a shimmering altar of Xom.
  6907 | D:6      | Noticed Pikel
  7116 | D:5      | Killed Pikel
  7116 | D:5      | Reached skill level 9 in Fighting
  7116 | D:5      | Reached XP level 9. HP: 86/100 MP: 9/9
  7370 | D:6      | Found a stormy altar of Qazlal.
  8139 | D:6      | Reached skill level 10 in Fighting
  8139 | D:6      | Reached skill level 1 in Invocations
  8390 | D:7      | Got an ichor-stained whip
  8391 | D:7      | Identified the +6 whip of Doubt {pain, +Inv rElec Dex+4} (You found it on level 7 of the Dungeon)
  8469 | D:7      | Found Tuewol's Magic Scroll Emporium.
  8477 | D:7      | Bought a scroll of identify for 32 gold pieces
  8477 | D:7      | Bought a scroll of teleportation for 48 gold pieces
  8477 | D:7      | Bought a scroll of identify for 32 gold pieces
  8477 | D:7      | Bought a scroll of teleportation for 48 gold pieces
  8477 | D:7      | Bought a scroll of blinking for 120 gold pieces
  8480 | D:7      | Gained mutation: Scrolls take you a little longer to read. [potion of mutation]
  8480 | D:7      | Gained mutation: You have large cloven feet. [potion of mutation]
  8481 | D:7      | Lost mutation: Scrolls take you a little longer to read. [potion of mutation]
  8481 | D:7      | Lost mutation: You have large cloven feet. [potion of mutation]
  8481 | D:7      | Gained mutation: Your flesh is heat resistant. (rF+) [potion of mutation]
  8481 | D:7      | Gained mutation: Your movements are slightly less encumbered by armour. (ER -2) [potion of mutation]
  8481 | D:7      | Gained mutation: You are dopey. (Int -2) [potion of mutation]
  8481 | D:7      | Gained mutation: You have sharp toenails. [potion of mutation]
  8501 | D:7      | Found a white marble altar of Elyvilon.
  8560 | D:7      | Learned a level 1 spell: Magic Dart
  8563 | D:7      | Learned a level 2 spell: Blink
  8975 | D:8      | Reached skill level 1 in Translocations
  9004 | D:8      | Reached * piety under the Shining One
  9997 | D:8      | Reached XP level 10. HP: 111/111 MP: 12/12
 10714 | D:9      | Noticed Maurice
 11187 | D:9      | Killed Maurice
 11187 | D:9      | Reached skill level 11 in Fighting
 11187 | D:9      | Reached skill level 10 in Maces & Flails
 11257 | D:9      | Reached ** piety under the Shining One
 11761 | D:9      | Reached skill level 5 in Invocations
 12081 | D:9      | Noticed Psyche
 12086 | D:9      | Killed Psyche
 12483 | D:10     | Entered Level 10 of the Dungeon
 12487 | D:10     | Noticed a brown ugly thing
 12494 | D:10     | Killed a brown ugly thing
 12494 | D:10     | Reached XP level 11. HP: 71/123 MP: 12/15
 13043 | D:10     | Reached skill level 12 in Fighting
 13318 | D:10     | Reached *** piety under the Shining One
 13779 | D:10     | Noticed a two-headed ogre
 13786 | D:10     | Killed a two-headed ogre
 14926 | D:10     | Reached skill level 1 in Armour
 14930 | D:10     | Got a bone whip {protect}
 14931 | D:10     | Identified the +9 whip of Docareet {protect, MR- Int+10} (You took it off an orc on level 10 of the Dungeon)
 15083 | D:10     | Noticed a two-headed ogre
 15083 | D:10     | Noticed a two-headed ogre
 15086 | D:10     | Killed a two-headed ogre
 15601 | D:10     | Killed a two-headed ogre
 15704 | D:10     | Noticed a two-headed ogre
 15710 | D:10     | Killed a two-headed ogre
 15710 | D:10     | Reached skill level 5 in Armour
 16035 | D:11     | Found a staircase to the Lair.
 16084 | D:11     | Reached XP level 12. HP: 132/133 MP: 17/17
 16127 | D:11     | Found a staircase to the Orcish Mines.
 16130 | D:11     | Noticed a two-headed ogre
 16133 | D:11     | Noticed Gastronok
 16150 | D:11     | Killed a two-headed ogre
 17250 | D:11     | Killed Gastronok
 18288 | D:12     | Found a labyrinth entrance.
 18308 | Lab      | Entered a labyrinth
 18546 | Lab      | Noticed a minotaur
 18557 | Lab      | Killed a minotaur
 18559 | Lab      | Got a scintillating wooden ring
 18561 | Lab      | Identified the ring "Gikeh" {Int+3 Dex-5 Stlth+} (You took it off a minotaur in a labyrinth)
 18569 | Lab      | Got a slimy robe
 18581 | Lab      | Identified the cursed +1 robe of Divine Intervention {rElec rPois rN+ Int+2} (You found it in a labyrinth)
 19411 | D:12     | Reached skill level 13 in Fighting
 19719 | D:12     | You fall through a shaft for 2 floors!
 20078 | D:13     | Noticed a centaur warrior
 20078 | D:13     | Noticed a vault guard
 20086 | D:13     | Killed a centaur warrior
 20086 | D:13     | Noticed a vault guard
 20088 | D:13     | Noticed a vault guard
 20091 | D:13     | Reached **** piety under the Shining One
 20333 | Lair:1   | Entered Level 1 of the Lair of Beasts
 20353 | Lair:1   | Reached skill level 5 in Throwing
 20353 | Lair:1   | Reached XP level 13. HP: 144/144 MP: 16/19
 20684 | Lair:1   | Found a dark tunnel.
 20706 | Volcano  | Entered a volcano
 21060 | Volcano  | Noticed a fire dragon
 21070 | Volcano  | Killed a fire dragon
 21285 | Lair:1   | Noticed Fannar
 21292 | Lair:1   | Killed Fannar
 21320 | Lair:1   | Got a fine cloak
 21331 | Lair:1   | Identified the +2 cloak of the Komodo Dragon {rPois rC+ Str-5 Dex+9} (You found it on level 1 of the Lair of Beasts)
 23775 | Lair:3   | Reached ***** piety under the Shining One
 23786 | Lair:3   | Found a staircase to the Swamp.
 24649 | Lair:3   | Reached XP level 14. HP: 143/154 MP: 20/20
 25432 | Lair:4   | Found a staircase to the Snake Pit.
 25560 | Lair:4   | Reached skill level 5 in Dodging
 26308 | Lair:5   | Noticed Kirke
 26321 | Lair:5   | Killed Kirke
 26324 | Lair:5   | Reached skill level 10 in Armour
 26434 | Lair:5   | Noticed Snorg
 26449 | Lair:5   | Killed Snorg
 27421 | Lair:6   | Entered Level 6 of the Lair of Beasts
 27671 | Lair:6   | Reached skill level 10 in Throwing
 28016 | Lair:6   | Reached skill level 14 in Fighting
 28528 | Lair:6   | The Shining One protects you from harm!
 29023 | Lair:6   | Reached XP level 15. HP: 109/165 MP: 22/22
 29243 | Lair:6   | Found a staircase to the Slime Pits.
 29243 | Lair:6   | Found a viscous altar of Jiyva.
 29390 | Lair:6   | Reached skill level 10 in Invocations
 30326 | D:13     | Reached skill level 15 in Fighting
 30699 | D:13     | Found a gate to the Vaults.
 32401 | D:14     | Noticed a frost giant
 32416 | D:14     | Killed a frost giant
 32439 | D:14     | Noticed a storm dragon
 32445 | D:14     | Noticed a frost giant
 32503 | D:14     | Noticed Rupert
 32704 | Orc:1    | Entered Level 1 of the Orcish Mines
 32783 | Orc:1    | Reached skill level 16 in Fighting
 33334 | Orc:1    | Noticed Urug
 33347 | Orc:1    | Killed Urug
 33524 | Orc:1    | Found Pufilul's Weapon Emporium.
 33560 | Orc:2    | Entered Level 2 of the Orcish Mines
 33584 | Orc:2    | Found a staircase to the Elven Halls.
 33587 | Orc:2    | Reached XP level 16. HP: 174/179 MP: 24/24
 34710 | Orc:2    | Found Moippal's Jewellery Shoppe.
 34715 | Orc:2    | Found Qixiy's Jewellery Boutique.
 34718 | Orc:2    | Bought a +6 ring of protection for 1404 gold pieces
 34724 | Orc:2    | Found Pecse's Distillery.
 34727 | Orc:2    | Found Umniumic's Jewellery Shoppe.
 35109 | Elf:1    | Entered Level 1 of the Elven Halls
 35375 | Snake:1  | Entered Level 1 of the Snake Pit
 35489 | Snake:1  | Reached skill level 17 in Fighting
 35585 | Snake:1  | Noticed a nagaraja
 35595 | Snake:1  | Killed a nagaraja
 36156 | Snake:2  | Noticed a nagaraja
 36166 | Snake:2  | Killed a nagaraja
 36625 | Snake:2  | Found Zereng's Gadget Emporium.
 36926 | Snake:2  | Learned a level 3 spell: Lesser Beckoning
 37953 | Snake:3  | Noticed a nagaraja
 37971 | Snake:3  | Killed a nagaraja
 38545 | Snake:3  | Reached XP level 17. HP: 184/193 MP: 27/27
 39444 | Snake:4  | Entered Level 4 of the Snake Pit
 39444 | Snake:4  | Noticed Louise
 39474 | Snake:4  | Killed Louise
 39474 | Snake:4  | Reached skill level 5 in Translocations
 40037 | Snake:4  | Reached skill level 15 in Maces & Flails
 40040 | Snake:4  | Reached skill level 18 in Fighting
 41604 | Snake:4  | Reached skill level 15 in Invocations
 43423 | Snake:4  | HP: 5/289 [anaconda (12)]
 43423 | Snake:4  | HP: 1/289 [anaconda (4)]
 43424 | Snake:4  | Reached XP level 18. HP: 1/204 MP: 25/30
 44506 | Snake:4  | Got a serpentine rune of Zot
 44794 | Swamp:1  | Entered Level 1 of the Swamp
 45648 | Orc:2    | Bought a +6 amulet of reflection for 877 gold pieces
 46942 | Swamp:2  | Learned a level 1 spell: Apportation
 47414 | Swamp:3  | Noticed Mara
 47415 | Swamp:3  | Noticed Ijustatesigmund's illusion
 47477 | Swamp:4  | Entered Level 4 of the Swamp
 48129 | Swamp:4  | Noticed a tentacled monstrosity
 48139 | Swamp:4  | Killed a tentacled monstrosity
 48215 | Swamp:4  | Reached skill level 19 in Fighting
 48958 | Swamp:4  | Noticed a bone dragon
 48971 | Swamp:4  | Killed a bone dragon
 49129 | Swamp:4  | Reached XP level 19. HP: 214/214 MP: 31/31
 49171 | Swamp:4  | Got a decaying rune of Zot
 49839 | Vaults:1 | Entered Level 1 of the Vaults
 49863 | Vaults:1 | Reached ****** piety under the Shining One
 51024 | Vaults:1 | Reached skill level 20 in Fighting
 52098 | Vaults:1 | Noticed Saint Roka
 52116 | Vaults:1 | Killed Saint Roka
 53084 | Vaults:2 | Reached XP level 20. HP: 131/231 MP: 27/33
 53431 | Vaults:2 | Found a staircase to the Crypt.
 54002 | Vaults:2 | You fall through a shaft!
 55363 | Vaults:3 | Identified Xuahi's Early Guide to Spellcraft
 55369 | Vaults:3 | Learned a level 3 spell: Portal Projectile
 55866 | Vaults:3 | Reached skill level 1 in Hexes
 56063 | Vaults:3 | Upgraded the game from 0.22-a0-456-g11ed031 to 0.22-a0-458-gb446440
 56969 | Vaults:4 | Reached skill level 10 in Dodging
 57070 | Vaults:4 | Reached XP level 21. HP: 227/239 MP: 34/34
 58048 | Vaults:5 | Entered Level 5 of the Vaults
 58057 | Vaults:5 | Reached skill level 5 in Hexes
 58449 | Vaults:5 | Noticed a golden dragon
 58460 | Vaults:5 | Noticed a golden dragon
 58460 | Vaults:5 | a shadow dragon changed into a golden dragon
 58461 | Vaults:5 | a golden dragon changed into an acid blob
 58557 | Vaults:5 | HP: 11/239 [frost giant/battleaxe of freezing (8)]
 58560 | Vaults:5 | Killed from afar by a frost giant

Vault maps used:
D:1:      mrwooster_arrival_statue_2
D:2:      grunt_gozag_statues, nicolae_ru_awakened_eye, due_unseen_surprise
D:3:      first_ration, uniq_grinder
D:4:      lemuel_temple_firewalk_b, serial_glass, glass_columns_a,
          glass_columns_b, glass_columns_b, uniq_ijyb
D:5:      lemuel_blue_sif_altar, kennysheep_little_box, kennysheep_mini_moat,
          minivault_11, uniq_sigmund, uniq_prince_ribbit1
D:6:      grunt_qazlal_clouds, uniq_pikel
D:7:      elyvilon_altar_5, serial_shops, shop
D:9:      serial_ice, serial_ice_j, serial_ice_o, serial_ice_g, serial_ice_m,
          grunt_ogre_cave, uniq_maurice, uniq_psyche
D:10:     minmay_the_grid_octo_2x2
D:11:     dpeg_oklobed_lair, david_orc_3, serial_bayou_pond_e, uniq_gastronok
D:12:     lab_entry_generic
D:13:     lightli_vaults_fourway_checkpoint, grunt_decor_resistance,
          hangedman_parallel_progression
D:14:     minmay_tile_spiral, uniq_rupert
Temple:   regret_index_temple_generic_petals
Lair:1:   lemuel_ratsnest, enter_volcano_3, infiniplex_staircase_pool,
          grunt_megastairs_1, uniq_fannar
Lair:2:   guppyfry_lair_drakes
Lair:3:   cheibrodos_lair_overgrown_chateau, nicolae_swamp_entry_splash_gauntlet
Lair:4:   guppyfry_snake_entry_garden, grunt_megastairs_3
Lair:5:   lemuel_fruit_fields, uniq_kirke, uniq_snorg
Lair:6:   gammafunk_lair_ancient_temple, slime_altar_1
Swamp:1:  evilmike_swamp_ruin_house_2, swamp_pool1, nicolae_swamp_trees_clearing
Swamp:2:  nicolae_swamp_phyte_club, evilmike_swamp_ruin_rubble_2, swamp_pool5
Swamp:3:  hangedman_swamp_ruin_hall, nicolae_swamp_stair_fork, uniq_mara
Swamp:4:  swamp_pestilence
Snake:1:  uniq_josephine
Snake:2:  serial_shops, shop_statue
Snake:4:  grunt_snake_rune_pools, uniq_louise
Orc:1:    serial_shops, nicolae_shop_competitors_out_of_business, mines5_lemuel,
          uniq_urug
Orc:2:    st_orc_open
Elf:1:    eino_elf_arrival_sip, minmay_elf_demonology,
          roderic_lattice_octagonal_star
Vaults:1: hangedman_vaults_locks, v_misc_11, ontoclasm_vaults_ring_square,
          ontoclasm_vaults_idyll, ontoclasm_vaults_hangar, v_misc_3,
          grunt_vaults_trifunnel, v_pattern_3, nicolae_vaults_specimen_jars,
          nicolae_vaults_twisting_passages, hangedman_vaults_stretched_pinwheel,
          nicolae_vaults_rhombus_7, uniq_saint_roka
Vaults:2: ontoclasm_vaults_decontamination, minmay_crypt_entry_simple_walls,
          grunt_vaults_focal, nicolae_vaults_shelves_hall, v_misc_13, v_misc_8,
          hangedman_vaults_maws
Vaults:3: nicolae_vaults_network_star, vaults_room_hangedman_quadrants,
          hangedman_vaults_unwind, hangedman_vaults_nodes, v_misc_5,
          dpeg_vaults_monster_row, hangedman_vaults_slice,
          grunt_vaults_diagonal, vaults_dpeg_diagonal, vaults_room_pool,
          vaults_dpeg_spiral, nicolae_vaults_shelves_hall
Vaults:4: ontoclasm_vaults_misaligned, vaults_dpeg_ring, vaults_dpeg_doors,
          nicolae_vaults_an_arrangement, hangedman_vaults_corner,
          hangedman_vaults_capsules, nicolae_vaults_little_squares_6,
          vaults_room_fours, hangedman_vaults_cutoff, vaults_room_pools,
          nicolae_vaults_alarming
Vaults:5: serial_shops
Lab:      labyrinth_watery, nicolae_lab_t_cross, labyrinth_skeletal_remains,
          nicolae_lab_big_swirl
Volcano:  volcano_pools

Skill      XL: |  1  2  3  4  5  6  7  8  9 10 11 12 13 14 15 16 17 18 19 20 21 |
---------------+----------------------------------------------------------------+-----
Fighting       | 3 4 5 6 7 9 10 11 12 13 14 16 17 18 19 20 | 20.5
Maces & Flails | 1 2 3 4 6 8 9 10 11 12 13 14 15 16 | 16.7
Invocations    | 3 5 6 8 9 11 13 16 17 18 | 18.8
Translocations | 2 4 5 |  5.5
Armour         | 5 7 9 10 12 13 | 13.0
Throwing       | 5 8 10 | 10.0
Dodging        | 4 6 10 11 | 11.2
Hexes          | 4 6 |  6.7
Stealth        | |  0.6

Action                   |  1- 3 |  4- 6 |  7- 9 | 10-12 | 13-15 | 16-18 | 19-21 || total
-------------------------+-------+-------+-------+-------+-------+-------+-------++-------
Melee: Short sword       |    75 |       |       |       |       |       |       ||    75
       Whip              |    47 |       |   200 |   138 |       |       |       ||   385
       Mace              |    15 |    73 |       |       |       |       |       ||    88
       Club              |     7 |       |       |       |       |       |       ||     7
       Flail             |       |    27 |   131 |    24 |       |       |       ||   182
       Giant club        |       |       |     6 |       |       |       |       ||     6
       Kick              |       |       |    32 |   131 |   309 |   464 |   330 ||  1266
       Giant spiked club |       |       |       |   331 |   965 |  1126 |   788 ||  3210
Throw: Large rock        |     1 |    13 |    23 |    17 |    41 |    46 |    19 ||   160
       Throwing net      |       |     2 |     1 |       |     1 |       |       ||     4
 Cast: Blink             |       |       |       |       |     1 |     7 |     2 ||    10
       Lesser Beckoning  |       |       |       |       |       |    14 |     1 ||    15
       Apportation       |       |       |       |       |       |     4 |     6 ||    10
       Portal Projectile |       |       |       |       |       |       |     1 ||     1
Invok: Divine Shield     |       |       |       |    15 |    16 |    24 |    12 ||    67
       Cleansing Flame   |       |       |       |       |     6 |    20 |    18 ||    44
Evoke: Wand              |       |       |     3 |    17 |    19 |    25 |       ||    64
  Use: Scroll            |     3 |     4 |     9 |    26 |    13 |    15 |     9 ||    79
       Potion            |     1 |     3 |     5 |     3 |     4 |    10 |     9 ||    35
 Stab: Sleeping          |       |     4 |     2 |       |       |       |       ||     6
       Held in net/web   |       |     1 |       |       |       |       |       ||     1
  Eat: Chunk             |     2 |     5 |     2 |    11 |    21 |    10 |    14 ||    65
       Ration            |       |     1 |     6 |     8 |     7 |    15 |     6 ||    43
Armor: Robe              |    62 |    18 |    49 |    23 |       |       |       ||   152
       Skin              |       |    22 |       |       |       |       |       ||    22
       Acid dragon scale |       |       |       |   102 |    26 |       |       ||   128
       Fire dragon scale |       |       |       |       |   595 |   797 |   515 ||  1907
Dodge: Dodged            |   104 |    44 |   146 |   322 |   644 |   757 |   451 ||  2468
Block: Other             |       |       |       |    63 |   109 |   464 |   569 ||  1205
       Reflection        |       |       |       |       |       |     4 |    42 ||    46

Table legend:
 A = Spawn XP
 B = Non-spawn XP
 C = Spawn XP percentage of total XP
 D = Spawn monster count
 E = Non-spawn monster count
 F = Spawn count percentage of total count
 G = Total turns spent on level
                    A         B        C        D         E        F      G
               +---------+---------+-------+---------+---------+-------+---------
         Total |       0 |  556034 |   0.0 |       0 |    1434 |   0.0 | 58560
               +---------+---------+-------+---------+---------+-------+---------
           D:1 |       0 |      39 |   0.0 |       0 |      20 |   0.0 |   932
           D:2 |       0 |      62 |   0.0 |       0 |      22 |   0.0 |   963
           D:3 |       0 |     516 |   0.0 |       0 |      29 |   0.0 |  2777
           D:4 |       0 |     532 |   0.0 |       0 |      11 |   0.0 |  1351
           D:5 |       0 |    1386 |   0.0 |       0 |      14 |   0.0 |  1009
           D:6 |       0 |     621 |   0.0 |       0 |      18 |   0.0 |  1137
           D:7 |       0 |     721 |   0.0 |       0 |      11 |   0.0 |  1321
           D:8 |       0 |    1431 |   0.0 |       0 |      24 |   0.0 |  1496
           D:9 |       0 |    3617 |   0.0 |       0 |      44 |   0.0 |  2684
          D:10 |       0 |    9290 |   0.0 |       0 |      57 |   0.0 |  2555
          D:11 |       0 |    5800 |   0.0 |       0 |      35 |   0.0 |  1967
          D:12 |       0 |    3873 |   0.0 |       0 |      30 |   0.0 |  1378
          D:13 |       0 |   18901 |   0.0 |       0 |     101 |   0.0 |  1285
          D:14 |       0 |   13007 |   0.0 |       0 |      32 |   0.0 |  1377
        Lair:1 |       0 |    6414 |   0.0 |       0 |      57 |   0.0 |  1405
        Lair:2 |       0 |    3336 |   0.0 |       0 |      19 |   0.0 |  1294
        Lair:3 |       0 |   13169 |   0.0 |       0 |      37 |   0.0 |  2208
        Lair:4 |       0 |    7478 |   0.0 |       0 |      29 |   0.0 |  1101
        Lair:5 |       0 |    5628 |   0.0 |       0 |      12 |   0.0 |  1147
        Lair:6 |       0 |   21226 |   0.0 |       0 |      55 |   0.0 |  2603
       Swamp:1 |       0 |   10370 |   0.0 |       0 |      26 |   0.0 |   704
       Swamp:2 |       0 |   17706 |   0.0 |       0 |      45 |   0.0 |  1565
       Swamp:3 |       0 |    8372 |   0.0 |       0 |      22 |   0.0 |   650
       Swamp:4 |       0 |   30429 |   0.0 |       0 |      77 |   0.0 |  1630
       Snake:1 |       0 |    7068 |   0.0 |       0 |      10 |   0.0 |   827
       Snake:2 |       0 |   15922 |   0.0 |       0 |      26 |   0.0 |  1626
       Snake:3 |       0 |   20559 |   0.0 |       0 |      40 |   0.0 |  2613
       Snake:4 |       0 |   60958 |   0.0 |       0 |      84 |   0.0 |  4199
         Orc:1 |       0 |    8353 |   0.0 |       0 |      43 |   0.0 |  1764
         Orc:2 |       0 |   16291 |   0.0 |       0 |      57 |   0.0 |   784
         Elf:1 |       0 |    1732 |   0.0 |       0 |       3 |   0.0 |   128
      Vaults:1 |       0 |   64972 |   0.0 |       0 |     106 |   0.0 |  2820
      Vaults:2 |       0 |   17976 |   0.0 |       0 |      43 |   0.0 |  1658
      Vaults:3 |       0 |   55715 |   0.0 |       0 |      70 |   0.0 |  2109
      Vaults:4 |       0 |   54777 |   0.0 |       0 |      74 |   0.0 |  1986
      Vaults:5 |       0 |   42929 |   0.0 |       0 |      37 |   0.0 |   148
           Lab |       0 |    1389 |   0.0 |       0 |       2 |   0.0 |   590
       Volcano |       0 |    3469 |   0.0 |       0 |      12 |   0.0 |   514
               +---------+---------+-------+---------+---------+-------+---------
